Map: Frost LE

Players

FinnsoN

  • Race: Terran Terran
  • League: Master

Thalandros - Winner!

  • Race: Zerg Zerg
  • League: Master

VOD

Have the link to the VOD?

Description

Time

  • Played on: July 9, 2016, 6:46 p.m.
  • Length: 14:57
Show
View Real Time Build Order
Export as new Build Order

FinnsoN Terran 

Build Orders: MMM Bio 

Get SALT Encoding   

  12  0:02  SCV  
  13  0:14  SCV  
  14  0:17  Supply Depot  
  14  0:26  SCV  
  15  0:39  SCV  
  15  0:42  Barracks  
  16  0:45  Refinery  
  16  0:51  SCV  
  17  1:03  SCV  
  18  1:15  SCV  
  19  1:29  Orbital Command, Barracks Reactor  
  19  1:45  Command Center  
  19  1:53  Supply Depot  
  19  1:56  SCV  
  20  2:05  Marine x2  
  22  2:08  SCV  
  23  2:17  Factory  
  23  2:20  SCV  
  24  2:23  Marine x2  
  26  2:32  SCV  
  27  2:40  Marine  
  27  2:41  Marine  
  29  2:44  SCV  
  30  2:57  SCV, Orbital Command  
  31  3:02  Starport  
  31  3:03  Widow Mine  
  31  3:04  Marine x2  
  35  3:09  SCV  
  36  3:20  Supply Depot  
  36  3:21  SCV  
  36  3:22  Marine x2  
  36  3:23  SCV  
  40  3:32  Factory Tech Lab  
  40  3:34  SCV, Refinery  
  40  3:35  SCV  
  40  3:40  Marine x2  
  44  3:42  Medivac  
  44  3:43  Bunker  
  46  3:49  SCV  
  46  3:50  SCV  
  46  3:52  Supply Depot  
  48  3:58  Marine x2  
  50  4:04  SCV  
  50  4:09  SCV  
  52  4:13  Siege Tank  
  52  4:16  Marine  
  56  4:20  SCV  
  56  4:23  Marine, Command Center  
  58  4:29  SCV  
  59  4:33  Supply Depot, SCV  
  59  4:35  Marine  
  61  4:40  Marine  
  61  4:41  SCV  
  62  4:47  Liberator  
  62  4:49  SCV  
  62  4:51  Siege Tank  
  61  4:53  SCV  
  60  5:02  Marine  
  60  5:03  Marine  
  60  5:05  Barracks x2  
  65  5:07  Refinery  
  65  5:08  SCV  
  65  5:12  Supply Depot x2, SCV  
  65  5:20  SCV  
  66  5:26  Engineering Bay  
  66  5:27  Refinery, Engineering Bay  
  67  5:33  SCV  
  67  5:34  SCV  
  68  5:41  Orbital Command  
  68  5:45  SCV  
  68  5:46  Stimpack, Marine  
  70  5:52  SCV  
  70  5:53  Barracks Reactor  
  70  5:57  Terran Infantry Armor Level 1, Terran Infantry Weapons Level 1  
  71  5:58  SCV  
  71  5:59  Orbital Command  
  72  6:06  Marine, Factory Reactor  
  72  6:07  Starport Reactor, Barracks  
  72  6:10  SCV  
  74  6:11  SCV  
  74  6:15  Supply Depot, Barracks  
  74  6:16  Supply Depot  
  74  6:18  Supply Depot  
  75  6:20  Marine  
  76  6:26  SCV x3  
  76  6:32  Marine  
  80  6:38  SCV, Marine x2  
  83  6:42  SCV  
  83  6:43  Marine  
  83  6:44  SCV  
  86  6:50  Armory  
  86  6:51  Supply Depot, SCV  
  86  6:53  Supply Depot  
  87  6:54  SCV  
  87  6:55  Bunker  
  87  6:57  Marine  
  87  6:58  Supply Depot x2, Medivac x2  
  87  6:59  Marine  
  87  7:00  Marine  
  95  7:02  SCV  
  95  7:06  Marine  
  95  7:07  Marauder  
  95  7:08  SCV  
  100  7:10  Barracks Reactor  
  100  7:11  SCV  
  100  7:14  SCV  
  100  7:15  Marine x2  
  104  7:20  SCV  
  104  7:21  Refinery  
  104  7:22  Supply Depot  
  105  7:24  SCV  
  105  7:28  Marine  
  104  7:30  Marine x2  
  104  7:31  SCV  
  104  7:33  Medivac x2, Factory Reactor  
  104  7:36  Marine x2  
  113  7:40  Supply Depot, Marine  
  113  7:42  Supply Depot  
  113  7:43  SCV  
  115  7:46  Combat Shields  
  114  7:51  SCV  
  114  7:53  Marine  
  114  7:56  Marine x2  
  114  7:57  Marine x2  
  114  7:58  SCV x2  
  122  7:59  Command Center  
  122  8:01  Marine x2  
  122  8:03  SCV  
  125  8:06  Marine x2  
  125  8:08  Medivac x2  
  125  8:09  Supply Depot x2  
  125  8:10  SCV  
  130  8:12  Marine  
  131  8:20  Marine  
  131  8:24  Marauder  
  131  8:25  Marine  
  135  8:30  Marine  
  135  8:34  Marine x2  
  136  8:36  SCV x2  
  136  8:38  Missile Turret  
  140  8:43  Terran Infantry Weapons Level 2, Barracks x2, Terran Infantry Armor Level 2  
  140  8:44  SCV, Barracks  
  140  8:45  Marauder  
  140  8:46  Marine  
  144  8:48  Refinery  
  144  8:55  Marine x4  
  143  8:56  Marine x2  
  143  9:07  Marauder  
  143  9:09  SCV  
  136  9:18  SCV  
  137  9:28  Marauder, Medivac x2  
  137  9:29  Widow Mine x2  
  147  9:32  Barracks Tech Lab x2  
  147  9:35  Barracks Tech Lab  
  147  9:37  Missile Turret  
  147  9:44  Missile Turret  
  147  9:45  Missile Turret  
  147  9:46  Terran Vehicle Weapons Level 1  
  147  9:49  Marine  
  147  9:50  Marauder  
  147  9:51  Starport  
  150  9:54  Factory  
  150  9:55  Planetary Fortress  
  150  9:58  Widow Mine x2  
  150  9:59  SCV  
  155  10:07  Marauder x3  
  155  10:08  Marine  
  155  10:11  Marine x3, Marauder  
  160  10:17  Marine x2  
  160  10:19  Marine x2  
  136  10:26  Marine  
  125  10:28  Marine  
  125  10:29  Marine x2, Marauder x3  
  125  10:30  Liberator x2  
  125  10:32  Marauder  
  125  10:34  Marine  
  125  10:35  Marine  
  137  10:37  Marine x2  
  139  10:44  Marine  
  139  10:46  Marine x2  
  139  10:47  Marine  
  139  10:49  Widow Mine x2  
  131  10:50  Marine x2, Marauder  
  131  10:52  Marine  
  131  10:53  Marine  
  131  10:54  Marauder  
  131  10:55  Marine x2  
  140  10:58  SCV x2  
  140  11:00  Barracks  
  140  11:01  Marine, Barracks  
  140  11:02  Command Center  
  139  11:04  Marine x3  
  139  11:07  Marine x2  
  139  11:10  Marine x2  
  139  11:11  Marine, Concussive Shells  
  147  11:12  Marine  
  147  11:13  Marine  
  147  11:14  Marine  
  147  11:18  Widow Mine x2  
  150  11:19  Marine  
  150  11:22  Marine x2, Terran Infantry Weapons Level 3  
  150  11:24  Terran Infantry Armor Level 3  
  157  11:26  Marauder  
  159  11:34  Marauder  
  159  11:37  Marine  
  159  11:38  Marauder x2  
  166  11:43  Marine x2  
  166  11:44  Marine, Liberator  
  138  11:49  Marine x2  
  138  11:51  Marine x4  
  138  11:54  Marine  
  114  12:02  Marine x3, Liberator  
  114  12:03  Marine  
  114  12:07  Marine x2  
  114  12:08  Liberator  
  117  12:10  Marine  
  117  12:13  Marine x2  
  117  12:14  Marine  
  116  12:34  SCV x2, Missile Turret  
  118  12:37  Marauder  
  118  12:39  Barracks Tech Lab  
  118  12:42  Planetary Fortress  
  122  12:51  Marauder  
  122  12:53  Marine, Marauder  
  122  12:58  Widow Mine x2, Liberator x2  
  125  12:59  Marine  
  125  13:02  Marine  
  131  13:06  Liberator  
  131  13:09  Marine  
  131  13:13  Missile Turret  
  133  13:20  Marine  
  133  13:21  Marauder x2  
  138  13:31  Marine  
  138  13:32  Marauder x2  
  143  13:35  Marauder  
  143  13:41  Marine  
  146  13:42  Marauder  
  146  13:43  Marauder  
  146  13:44  Marine  
  151  13:53  Marauder x2  
  153  13:56  Marauder  
  128  14:04  Marauder x2  
  125  14:12  Marine x2  
  125  14:13  Marine x3  
  116  14:35  Marauder  
  112  14:41  SCV  
Show
View Real Time Build Order
Export as new Build Order

Thalandros Zerg - Winner!

Build Orders: Hatch First, Muta Ling Bane 

Get SALT Encoding   

  12  0:02  Drone  
  13  0:12  Overlord  
  13  0:23  Drone  
  14  0:31  Drone x2  
  16  0:38  Drone  
  17  0:55  Hatchery  
  16  0:58  Drone  
  16  1:00  Drone  
  18  1:07  Extractor  
  17  1:17  Spawning Pool  
  16  1:20  Drone  
  16  1:24  Drone  
  18  1:32  Drone  
  19  1:39  Drone  
  20  1:50  Drone  
  21  2:09  Queen  
  21  2:10  Queen  
  21  2:11  Zergling x4  
  21  2:12  Metabolic Boost  
  27  2:29  Hatchery  
  26  2:36  Drone, Overlord  
  27  2:44  Drone  
  28  2:59  Queen  
  28  3:00  Drone  
  28  3:01  Drone x3  
  28  3:04  Overlord  
  34  3:11  Zergling x2  
  35  3:22  Queen  
  35  3:24  Overlord  
  35  3:25  Drone x2  
  35  3:26  Drone x2  
  41  3:35  Drone x3  
  44  3:44  Queen  
  46  3:51  Drone x4  
  50  3:59  Overlord  
  50  4:03  Drone x5, Spore Crawler  
  54  4:12  Overlord x2  
  54  4:14  Zergling x4  
  56  4:23  Drone  
  56  4:24  Drone x3  
  60  4:29  Drone x2  
  61  4:50  Zergling x6  
  61  4:51  Zergling x6  
  64  4:56  Spore Crawler  
  64  4:58  Drone  
  64  4:59  Drone x7  
  71  5:08  Evolution Chamber  
  71  5:10  Evolution Chamber  
  69  5:15  Drone x3  
  69  5:16  Overlord x2  
  72  5:23  Extractor  
  72  5:24  Extractor  
  70  5:30  Drone x3  
  70  5:35  Zerg Melee Weapons Level 1  
  73  5:36  Zerg Ground Armor Level 1  
  73  5:38  Drone  
  73  5:39  Drone x7  
  81  5:46  Extractor x2  
  81  5:47  Extractor  
  78  5:54  Zergling x2  
  78  5:55  Zergling x12  
  78  5:56  Lair  
  85  6:01  Baneling Nest  
  85  6:03  Overlord x2  
  84  6:05  Drone x4, Hatchery  
  87  6:16  Overlord  
  87  6:17  Overlord  
  87  6:20  Drone x3, Hatchery  
  89  6:27  Zergling x2  
  89  6:28  Zergling x10  
  90  6:37  Drone x2  
  90  6:38  Drone x2  
  94  6:45  Drone x3  
  94  6:46  Drone x2  
  99  6:47  Spore Crawler  
  98  6:59  Centrifical Hooks  
  98  7:00  Zergling x2  
  98  7:01  Zergling x10, Spire  
  103  7:21  Drone x8, Queen  
  113  7:33  Baneling x6  
  113  7:34  Baneling x5  
  113  7:35  Drone x6  
  113  7:36  Drone x2  
  121  7:37  Extractor  
  121  7:39  Extractor, Baneling x8  
  121  7:43  Zerg Ground Armor Level 2, Zerg Melee Weapons Level 2  
  119  7:54  Baneling x7  
  119  7:55  Pneumatized Carapace  
  119  7:57  Overseer  
  119  8:02  Infestation Pit  
  118  8:05  Drone x3  
  118  8:06  Drone x3, Spine Crawler, Overlord  
  118  8:07  Overlord  
  120  8:13  Zergling x2  
  120  8:14  Zergling x26  
  120  8:15  Overlord  
  133  8:46  Mutalisk  
  133  8:47  Mutalisk x8  
  151  8:48  Overlord  
  151  8:49  Overlord  
  151  8:56  Extractor x2  
  149  9:04  Hatchery  
  149  9:09  Spine Crawler  
  145  9:14  Mutalisk x3  
  145  9:15  Mutalisk  
  145  9:16  Overlord  
  149  9:18  Zerg Flyer Weapons Level 1  
  149  9:21  Queen  
  151  9:29  Overlord x3  
  151  9:30  Overlord x2  
  151  9:32  Hive  
  151  9:35  Overseer  
  151  9:37  Overlord  
  151  9:38  Zergling x16  
  152  9:39  Zergling x22  
  170  9:54  Drone x6  
  170  9:55  Drone x3  
  170  9:57  Baneling x2  
  170  9:58  Baneling x4  
  178  10:07  Baneling x4  
  178  10:08  Zergling x2  
  178  10:09  Zergling x24  
  168  10:18  Zergling x14  
  156  10:33  Zergling x26  
  142  10:53  Zergling x2  
  142  10:54  Zergling x32  
  142  10:56  Adrenal Glands  
  151  10:58  Zerg Melee Weapons Level 3, Zerg Ground Armor Level 3  
  151  10:59  Ultralisk Cavern  
  151  11:00  Mutalisk x2  
  151  11:01  Mutalisk  
  148  11:04  Baneling x3  
  148  11:05  Baneling x5  
  148  11:06  Mutalisk x3  
  154  11:13  Drone x4  
  154  11:14  Queen  
  160  11:22  Baneling x9  
  160  11:23  Baneling  
  160  11:29  Zergling x10  
  160  11:30  Zergling x14  
  160  11:32  Queen  
  173  11:33  Hatchery  
  173  11:36  Baneling x3  
  173  11:37  Baneling x4  
  155  11:51  Zergling x18  
  155  11:52  Zergling x20  
  152  12:01  Mutalisk x6  
  146  12:02  Mutalisk x2  
  157  12:14  Zergling x2  
  157  12:15  Ultralisk x2  
  160  12:28  Ultralisk x2  
  168  12:30  Chitinous Plating  
  168  12:39  Spine Crawler x2  
  168  12:40  Drone x5  
  168  12:41  Spine Crawler  
  170  12:50  Baneling x3  
  170  12:51  Baneling x9  
  170  12:54  Zergling x6  
  170  12:55  Hatchery  
  172  13:03  Mutalisk x4  
  176  13:20  Mutalisk x4  
  182  13:28  Ultralisk x2  
  182  13:30  Overlord  
  194  13:39  Baneling x5  
  194  13:41  Mutalisk x2  
  196  13:54  Mutalisk x5  
  191  14:01  Zergling x8  
  191  14:02  Zergling x24  
  173  14:24  Mutalisk x2  
  173  14:25  Mutalisk x4  
Tags
 
Add a new tag
Caveats
  • Supply blocks, unpowered buildings, or Contaminate may cause inaccurate times.
  • Supply counts are checked every 10 seconds.